 Dungeon Crawl Stone Soup version 0.29.0-11-gd7f09526c8 (webtiles) character file.

Game seed: 8030357701020355474

65 Anamonty the Insei (level 4, -1/43 HPs)
             Began as an Octopode Transmuter on Sept 4, 2022.
             Splashed by a jelly's acid (4 damage)
             ... on level 4 of the Dungeon.
             The game lasted 00:04:42 (3075 turns).

Anamonty the Insei (Octopode Transmuter)            Turns: 3075, Time: 00:04:43

Health: -1/43      AC: 14    Str: 11    XL:     4   Next: 13%
Magic:  7/7        EV:  2    Int: 15    God:
Gold:   108        SH:  0    Dex: 12    Spells: 1/7 levels left

rFire   . . .      SeeInvis .   d - +0 mace
rCold   + . .      Faith    .   (no shield)
rNeg    . . .      Spirit   .   (helmet currently unavailable)
rPois   +          Reflect  .   i - amulet of magic regeneration
rElec   .          Harm     .   l - ring of protection from cold
rCorr   .          Rampage  .   (no ring)
Will    .....      NoTele   +   (no ring)
Stlth   +.........              (no ring)
HPRegen 0.14/turn               (no ring)
MPRegen 0.50/turn               (no ring)
                                (no ring)
                                (no ring)

@: tree-form, corroded
A: stationary, stasis, torment immunity, boosted hp, almost no armour,
(amphibious), 8 rings, (camouflage 1), (gelatinous body 1), (nimble swimmer 1),
(tentacles)
a: no special abilities


You were on level 4 of the Dungeon.
You were a tree.
You visited 1 branch of the dungeon, and saw 4 of its levels.

You collected 108 gold pieces.

Inventory:

Hand Weapons
 d - a +0 mace (weapon)
 s - a +0 sling
Jewellery
 i - an amulet of magic regeneration (around neck)
 l - a ring of protection from cold (left branch)
 q - a +6 ring of dexterity
Scrolls
 e - a scroll of identify
 f - 2 scrolls of immolation
 g - a scroll of amnesia {unknown}
 h - a scroll of silence {unknown}
 k - a scroll of noise {unknown}
 m - 2 scrolls of fog {unknown}
 n - 2 scrolls of teleportation {unknown}
 r - a scroll of torment {unknown}
Potions
 a - 2 potions of lignification
 b - a potion of might
 c - a potion of experience {unknown}
 j - a potion of invisibility {unknown}
 o - a potion of attraction {unknown}
 p - 2 potions of cancellation
 t - a potion of ambrosia {unknown}


   Skills:
 * Level 2.2 Fighting
 + Level 2.4 Dodging
 + Level 3.4 Unarmed Combat
 + Level 2.3 Spellcasting
 + Level 2.5 Transmutations


You had one spell level left.
You knew the following spells:

 Your Spells              Type           Power      Damage    Failure   Level
a - Beastly Appendage     Tmut           18%        N/A       8%          1
b - Wereblood             Tmut           9%         N/A       12%         2
c - Spider Form           Tmut/Pois      5%         N/A       36%         3

Your spell library contained the following spells:

 Spells                   Type           Power      Damage    Failure   Level
 Ice Form                 Ice/Tmut       5%         N/A       77%         4


Dungeon Overview and Level Annotations

Branches:
Dungeon (3/15)

Altars:
Uskayaw
Lugonu

Portals:
Abyss: D:4


Innate Abilities, Weirdness & Mutations

You are a tree.
Your roots penetrate the ground, keeping you stationary.
You cannot be teleported.
You are immune to unholy pain and torment.
Your maximum health is greatly increased.
You cannot wear most types of armour.
((You are amphibious.))
You can wear up to eight rings at the same time.
((Your skin changes colour to match your surroundings (Stealth+).))
((Your rubbery body absorbs attacks. (AC +1, EV +1)))
((You are camouflaged when in or above water. (Stealth+)))
((You have tentacles for arms and can constrict up to eight enemies at once.))


Message History

You constrict the adder.
You feel sick. The adder barely misses you. The adder bites you.
* * * LOW HITPOINT WARNING * * *
You hit the adder.
You kill the adder!
You feel sick.
You have reached level 4!
You feel sick.
You are no longer poisoned.
A sourceless malevolence fills the Dungeon...
You fall into a shaft and drop 1 floor!
The shaft crumbles and collapses.
A lurking horror comes into view.
Found a corrupted altar of Lugonu.
Found a one-way gate to the infinite horrors of the Abyss.
A lurking horror is nearby!
Unknown command.
Found a smoky grey potion.
Found a scroll of identify.
A jelly comes into view.
Found 5 stones.
A jelly is nearby!
Casting: Beastly Appendage (safe; 8% risk of failure)
Confirm with . or Enter, or press ? or * to list all spells.
One of your tentacles grows a vicious spike.
The jelly hits you. The acid corrodes you!
You are splashed with acid.
You see here a scroll of identify.
You hit the jelly but do no damage. The acid corrodes you!
Your tentacles burn!
You pierce the jelly, but do no damage.
The jelly hits you. The acid corrodes you!
You are splashed with acid.
You hit the jelly but do no damage.
Your tentacles burn!
You pierce the jelly.
The jelly is lightly wounded.
The jelly hits you.
You are splashed with acid!
* * * LOW HITPOINT WARNING * * *
Really quaff the potion of lignification?
Your tentacle spike disappears.
You turn into a tree.
Your roots penetrate the ground.
The jelly barely misses you.
You hit the jelly.
Your branches burn!
You die...

#.................
#########.#######.
#........
#.#######
#.......#
#.......#
#.!.....#
#.......#
#♣..##### #J(.#
#...# #...+ #####


You could see a jelly.

Vanquished Creatures
  3 adders
  2 dart slugs
  2 orcs (D:2)
  4 ball pythons
  2 endoplasms (D:2)
  3 goblins
  2 hobgoblins (D:1)
  2 jackals (D:1)
  2 quokkas
  4 bats
  A frilled lizard (D:1)
  A kobold (D:2)
  6 rats
34 creatures vanquished.

Notes
Turn   | Place    | Note
-------+----------+-------------------------------------------
     0 | D:1      | Anamonty the Octopode Transmuter began the quest for the
                  | Orb.
     0 | D:1      | Reached XP level 1. HP: 13/13 MP: 3/3
   529 | D:1      | Reached XP level 2. HP: 16/18 MP: 5/5
   658 | D:1      | Learned a level 2 spell: Wereblood
  1262 | D:1      | Found a faded altar of an unknown god.
  1733 | D:2      | Reached XP level 3. HP: 12/24 MP: 6/6
  2046 | D:2      | Learned a level 3 spell: Spider Form
  2698 | D:3      | Found a hide-covered altar of Uskayaw.
  2751 | D:3      | Reached XP level 4. HP: 7/29 MP: 7/7
  3004 | D:3      | You fall into a shaft and drop 1 floor!
  3009 | D:4      | Found a corrupted altar of Lugonu.
  3009 | D:4      | Found a one-way gate to the infinite horrors of the Abyss.
  3075 | D:4      | Splashed by a jelly's acid

Illustrated notes

Levels and vault maps discovered:
D:1:      erik_arrival_cave_to_civilisation [erik_arrival_cave_to_hall],
          layout_basic, shapermc_ecumenical_altar_flowoftime,
          minmay_misc_feat_plants, serial_bayou_pond_e, minmay_hedge_maze
D:2:      layout_loops_cross, minmay_tetromino_l4
D:3:      layout_loops_cross, zin_scriptorium, lemuel_tele_altar
D:4:      layout_basic, okawaru_ov_weapons_minmay, temple_green, hex_medium,
          amcnicky_altar_lugonu_corruption, uniq_grinder, uniq_robin

Skill      XL: |  1  2  3 |
---------------+----------+-----
Fighting       | 2 |  2.2
Dodging        | |  2.4
Unarmed Combat | |  3.4
Spellcasting   | |  2.3
Transmutations | |  2.5

Action                   |  1- 3 |  4- 6 || total
-------------------------+-------+-------++-------
Melee: Unarmed           |    10 |       ||    10
       Mace              |    57 |     3 ||    60
       Constrict         |    18 |       ||    18
       Tentacles         |    12 |       ||    12
       Kick              |    10 |     2 ||    12
 Cast: Beastly Appendage |     9 |     1 ||    10
       Wereblood         |     4 |       ||     4
  Use: Potion            |     1 |     1 ||     2
       Scroll            |     3 |       ||     3
 Stab: Sleeping          |     3 |       ||     3
Armor: Skin              |     7 |       ||     7
Dodge: Dodged            |    48 |     1 ||    49
